 Dungeon Crawl Stone Soup version 0.27.0-1-g7a089689b8 (webtiles) character file.

Game seed: 14310582756207374064

105 seveneves the Covered (level 4, -2/40 HPs)
             Began as a Minotaur Fighter on Aug 2, 2021.
             Frozen to death by an endoplasm (5 damage)
             ... on level 3 of the Dungeon.
             The game lasted 00:05:43 (2534 turns).

seveneves the Covered (Minotaur Fighter)            Turns: 2534, Time: 00:05:43

Health: -2/40      AC:  8    Str: 21    XL:     4   Next: 53%
Magic:  3/3        EV:  7    Int:  5    God:
Gold:   146        SH:  9    Dex: 10    Spells: 3/3 levels left

rFire    . . .     SeeInvis .   a - +0 long sword
rCold    . . .     Faith    .   c - +0 kite shield
rNeg     . . .     Spirit   .   b - +0 scale mail
rPois    .         Reflect  .   (helmet restricted)
rElec    .         Harm     .   (no cloak)
rCorr    .         Rampage  .   (no gloves)
Will     .....                  e - +0 pair of boots
Stlth    ..........             (no amulet)
HPRegen  0.13/turn              (no ring)
MPRegen  0.08/turn              (no ring)

@: mighty
A: horns 2, retaliatory headbutt
a: no special abilities


You were on level 3 of the Dungeon.
You visited 1 branch of the dungeon, and saw 3 of its levels.

You collected 146 gold pieces.

Inventory:

Hand Weapons
 a - a +0 long sword (weapon)
Armour
 b - a +0 scale mail (worn)
 c - a +0 kite shield (worn)
 e - a +0 pair of boots (worn)
Scrolls
 f - a scroll of fear
 h - a scroll of identify
Potions
 g - a potion of brilliance {unknown}
 i - a potion of curing


   Skills:
 + Level 4.1 Fighting
 + Level 3.6 Long Blades
 + Level 4.5 Armour
 + Level 0.6 Dodging
 + Level 0.2 Stealth
 + Level 4.5 Shields


You had 3 spell levels left.
You didn't know any spells.
Your spell library contained the following spells:

 Spells                   Type           Power      Damage    Failure   Level
 Shock                    Conj/Air       0%         1d3       99%         1
 Swiftness                Air            0%         N/A       100%        3
 Airstrike                Air            0%         N/A       100%        4


Dungeon Overview and Level Annotations

Branches:
Dungeon (3/15)

Altars:


Innate Abilities, Weirdness & Mutations

You have a pair of horns on your head.
You reflexively headbutt those who attack you in melee.


Message History

Something hits you.
* * * LOW HITPOINT WARNING * * *
The orc hits you but does no damage.
You slash the orc!
You kill the orc!
You hear some strange, mumbled words.
A magic dart appears from out of thin air!
The magic dart hits you but does no damage.
The kobold closely misses you. You furiously retaliate!
You headbutt the kobold.
You kill the kobold!
The orc priest hits you but does no damage.
The endoplasm hits you but does no damage.
Something hits you but does no damage. The orc completely misses you.
You riposte.
Your shield and scale mail prevent you from hitting the orc.
Your headbutt misses the orc.
Found a stone staircase leading up.
Items here: )))) [ ††.
You closely miss the orc priest.
The orc priest hits you but does no damage.
The endoplasm hits you but does no damage.
The orc hits you but does no damage. Something hits you.
* * * LOW HITPOINT WARNING * * *
The orc priest hits you but does no damage.
The endoplasm hits you but does no damage.
The orc hits you but does no damage. Something hits you.
* * * LOW HITPOINT WARNING * * *
You slice something!!
Reactivating autopickup.
You feel a bit more experienced.
The orc priest hits you but does no damage.
The endoplasm hits you but does no damage.
The orc hits you with a +0 short sword.
* * * LOW HITPOINT WARNING * * *
You hit the orc priest. You headbutt the orc priest!
You kill the orc priest!
The endoplasm freezes you.
You are frozen.
You die...

####..##.................
#....###......(........##
#.#### #.........#.......
#.### #...|....##..#....
#...####....... .......
###....#....... #......
####.#†..# #....#.
#..)####... .......
###@)...... .#.##..
#Jo...... ##. ###......
## ...... # ..... # .....
# ...< # .... #


You could see an orc and an endoplasm.

Vanquished Creatures
  An orc priest (D:3)
  An orc wizard (D:3)
  2 adders (D:3)
  3 orcs (D:3)
  9 ball pythons
  5 endoplasms
  3 goblins (D:3)
  5 hobgoblins
  8 jackals
  5 kobolds
  2 quokkas
  2 bats (D:2)
  2 frilled lizards
  7 rats
55 creatures vanquished.

Notes
Turn   | Place    | Note
-------+----------+-------------------------------------------
     0 | D:1      | seveneves the Minotaur Fighter began the quest for the Orb.
     0 | D:1      | Reached XP level 1. HP: 19/19 MP: 0/0
   109 | D:1      | Reached XP level 2. HP: 4/27 MP: 1/1
   771 | D:1      | Found a faded altar of an unknown god.
  1422 | D:2      | Reached XP level 3. HP: 33/33 MP: 2/2
  2237 | D:3      | Reached XP level 4. HP: 16/40 MP: 3/3
  2533 | D:3      | HP: 2/40 [orc (1)]
  2534 | D:3      | Frozen to death by an endoplasm

Illustrated notes

Levels and vault maps discovered:
D:1:      lightli_arrival_boilingwater, layout_basic,
          hellmonk_ecumenical_altar_crossroads, chequers_serial_rivers_micro_e
D:2:      layout_basic, minmay_bisected
D:3:      layout_rooms

Skill      XL: |  1  2  3 |
---------------+----------+-----
Armour         | 4 |  4.5
Long Blades    | 3 |  3.6
Fighting       | 4 |  4.1
Shields        | 4 |  4.5
Dodging        | |  0.6
Stealth        | |  0.2

Action                   |  1- 3 |  4- 6 || total
-------------------------+-------+-------++-------
Melee: Long sword        |    96 |    17 ||   113
       Headbutt          |    13 |     4 ||    17
  Use: Potion            |       |     3 ||     3
       Scroll            |       |     2 ||     2
Armor: Scale mail        |    66 |    20 ||    86
Dodge: Dodged            |    36 |     5 ||    41
Block: Kite shield       |    66 |    14 ||    80
       Rpst.: Long sword |    14 |     1 ||    15
